 Dungeon Crawl Stone Soup version 0.26.0-45-g9c1d065592 (webtiles) character file.

Game seed: 7793825077694598242

(classic levelgen) 93 thiole the Stinger (level 4, -1/27 HPs)
             Began as an Octopode Venom Mage on Jan 30, 2021.
             Succumbed to a gnoll's poison
             ... on level 2 of the Dungeon.
             The game lasted 00:02:51 (1950 turns).

thiole the Stinger (Octopode Venom Mage)            Turns: 1950, Time: 00:02:52

Health: -1/27      AC:  1    Str:  7    XL:     4   Next: 61%
Magic:  0/7        EV: 13    Int: 18    God:
Gold:   82         SH:  0    Dex: 12    Spells: 3/7 levels left

rFire    + . .     SeeInvis .   (no weapon)
rCold    . . .     Faith    .   (no shield)
rNeg     . . .     Spirit   .   (helmet restricted)
rPois    .         Reflect  .   (no amulet)
rElec    .         Harm     .   (no ring)
rCorr    .         Rampage  .   (no ring)
Will     .....                  (no ring)
Stlth    +++.......             (no ring)
HPRegen  0.09/turn              (no ring)
MPRegen  0.10/turn              (no ring)
                                (no ring)
                                (no ring)

@: lethally poisoned (-1 -> -21)
A: almost no armour, stealthy swim, amphibious, 8 rings, constrict 8, camouflage
1, blurry vision 1, fire resistance 1, gelatinous body 1
a: no special abilities


You were on level 2 of the Dungeon.
You visited 1 branch of the dungeon, and saw 2 of its levels.

You collected 82 gold pieces.

Inventory:

Missiles
 i - 16 poisoned darts
 j - 48 stones
Scrolls
 b - 2 scrolls of remove curse {unknown}
 c - 2 scrolls of identify {unknown}
 g - 2 scrolls of teleportation {unknown}
 k - a scroll of enchant armour {unknown}
 l - a scroll of magic mapping {unknown}
Potions
 e - a potion of curing {unknown}
 f - a potion of degeneration {unknown}
 h - a potion of brilliance {unknown}


   Skills:
 - Level 2.0 Dodging
 - Level 2.6 Stealth
 - Level 2.0 Spellcasting
 + Level 1.8 Conjurations
 - Level 2.0 Transmutations
 + Level 1.7 Fire Magic
 + Level 1.6 Air Magic
 - Level 4.0 Poison Magic


You had 3 spell levels left.
You knew the following spells:

 Your Spells              Type           Power        Failure   Level
a - Sting                 Tmut/Pois      48%          5%          1
b - Mephitic Cloud        Conj/Pois/Air  10%          19%         3

Your spell library contained the following spells:

 Spells                   Type           Power        Failure   Level
 Poisonous Vapours        Pois/Air       24%          9%          2
 Ignite Poison            Fire/Tmut/Pois 11%          19%         3
 Olgreb's Toxic Radiance  Pois           16%          34%         4


Dungeon Overview and Level Annotations

Branches:
Dungeon (2/15)

Altars:
Qazlal


Innate Abilities, Weirdness & Mutations

You cannot wear most types of armour.
You are very stealthy in the water. (Stealth+)
You are amphibious.
You can wear up to eight rings at the same time.
You can use your tentacles to constrict eight enemies at once.
Your skin changes colour to match your surroundings (Stealth+).
Your rubbery body absorbs attacks. (AC +1, EV +1)
Scrolls take you a little longer to read.
Your flesh is heat resistant. (rF+)


Message History

Aiming: Sting (safe; 5% risk of failure)
Press: ? - help, Shift-Dir - straight line, f/p - gnoll
Aim: a gnoll (severely wounded, very poisoned, 25% to evade)
The sting hits the gnoll but does no damage.
The gnoll looks as sick as possible!
The gnoll is severely wounded.
* * * LOW HITPOINT WARNING * * *
You feel sick.
You kill the gnoll!
The gnoll hits you from afar with a +2 spear of venom.
* * * LOW HITPOINT WARNING * * *
You are more poisoned.
* * * LOW HITPOINT WARNING * * *
You feel sick.
It was a potion of mutation.
You feel extremely strange.
Your vision blurs.
You feel resistant to heat.
* * * LOW HITPOINT WARNING * * *
You feel sick. The gnoll barely misses you.
It was a potion of cancellation.
You feel magically purged.
You die...

##### #.... #########.###
#............
############.#######.###
##...)..@...#.# #.###
#.....g####.#.# #.#.. #......#
#.#.# #.#.# #......# #.#.#
#.#.# #......# #.#.# #.#.#
##)##### #.#.# #.#.# #.# #.#.#
#†#.# #.########.#.# #.#.#
.#######.#.....##.#.#######.#.#


You could see a gnoll.

Vanquished Creatures
  Natasha (D:2)
  2 gnolls (D:2)
  2 worms (D:2)
  2 dart slugs (D:1)
  A leopard gecko (D:2)
  2 giant cockroaches
  5 goblins
  A hobgoblin (D:2)
  2 jackals (D:2)
  8 bats
  2 frilled lizards
  9 kobolds
  5 rats
42 creatures vanquished.

Notes
Turn   | Place    | Note
-------+----------+-------------------------------------------
     0 | D:1      | thiole the Octopode Venom Mage began the quest for the Orb.
     0 | D:1      | Reached XP level 1. HP: 11/11 MP: 3/3
   159 | D:1      | Reached skill level 4 in Poison Magic
   165 | D:1      | Reached XP level 2. HP: 10/17 MP: 0/5
   773 | D:2      | Noticed Natasha
   781 | D:2      | Killed Natasha
   782 | D:2      | Reached skill level 1 in Conjurations
   782 | D:2      | Reached skill level 1 in Fire Magic
   782 | D:2      | Reached skill level 1 in Air Magic
   782 | D:2      | Reached XP level 3. HP: 2/21 MP: 0/6
  1113 | D:2      | Learned a level 3 spell: Mephitic Cloud
  1349 | D:2      | Reached XP level 4. HP: 18/27 MP: 1/7
  1590 | D:2      | Found a stormy altar of Qazlal.
  1949 | D:2      | Gained mutation: Scrolls take you a little longer to read.
                  | [potion of mutation]
  1949 | D:2      | Gained mutation: Your flesh is heat resistant. (rF+)
                  | [potion of mutation]
  1949 | D:2      | HP: 1/27 [poisoned by a gnoll]
  1950 | D:2      | Succumbed to a gnoll's poison

Illustrated notes

Levels and vault maps discovered:
D:1:      dpeg_arrival_rhombus, layout_rooms
D:2:      layout_basic, grunt_dithmenos_smoke_and_mirrors,
          general_overflow_altar, uniq_natasha, uniq_sigmund

Skill      XL: |  1  2  3  4 |
---------------+-------------+-----
Poison Magic   | 4 |  4.0
Conjurations   | 1 |  1.8
Fire Magic     | 1 |  1.7
Air Magic      | 1 |  1.6
Transmutations | 2 |  2.0
Dodging        | |  2.0
Stealth        | |  2.6
Spellcasting   | |  2.0

Action                   |  1- 3 |  4- 6 || total
-------------------------+-------+-------++-------
Melee: Unarmed           |    25 |     4 ||    29
       Constrict         |     6 |     1 ||     7
       Tentacles         |     1 |     1 ||     2
 Cast: Sting             |    44 |    27 ||    71
  Use: Potion            |       |     2 ||     2
 Stab: Sleeping          |     1 |       ||     1
Armor: Skin              |     3 |     1 ||     4
Dodge: Dodged            |    18 |    12 ||    30
